[Event "Paris FIDE GP"]
[Site "Elancourt"]
[Date "2013.09.29"]
[Round "7"]
[White "Ivanchuk, Vassily"]
[Black "Ponomariov, Ruslan"]
[Result "1/2-1/2"]
[ECO "E05"]
[WhiteElo "2731"]
[BlackElo "2756"]
[Annotator "Ramirez Alvarez,A"]
[PlyCount "79"]
[EventDate "2013.09.22"]
[EventType "tourn"]
[EventRounds "11"]
[EventCountry "FRA"]
[EventCategory "20"]
[SourceTitle "CBM 157"]
[Source "ChessBase"]
[SourceDate "2013.11.12"]
[SourceVersion "1"]
[SourceVersionDate "2013.11.12"]
[SourceQuality "1"]
[TimeControl "40/7200:20/3600:900+30"]
[WhiteClock "2:00:00"]
[BlackClock "2:00:00"]

1. c4 Nf6 2. Nf3 e6 3. g3 d5 4. Bg2 Be7 5. O-O O-O 6. d4 dxc4 7. Ne5 Nc6 8. Bxc6 bxc6 9. Nxc6 Qe8 10. Nxe7+ Qxe7 11. Qc2 c5 12. Qxc4 cxd4 13. Qxd4 e5 14. Qh4 Ba6
$146 (14... Rb8 15. b3 Qe6 16. Bg5 Nd5 17. e4 Nb4 18. Be7 Re8
19. Bxb4 Rxb4 20. Nc3 Bb7 21. Rac1 Rd4 22. Rfe1 Bc6 23. Qg5 h6 24. Qe3 Red8 25.
Qe2 R8d6 26. Qb2 Rd2 27. Qa3 Qd7 28. Qc5 f6 29. b4 a6 30. Qa5 Kh7 31. a4 Rb2
32. Rcd1 Rdd2 33. Rf1 Rxd1 34. Rxd1 Qb7 35. Nd5 Qa7 36. Rf1 Qd4 37. Qxa6 Bxd5
38. exd5 Rxb4 39. Qe6 Rxa4 40. Qf5+ Kg8 41. Qc8+ Kh7 42. Qf5+ {1/2-1/2 (42)
Iturrizaga Bonelli,E (2660)-Onischuk,A (2667) Tromso 2013}) 15. Bg5 Bxe2 {[%emt 0:05:29] In another Catalan in the Ukrainian duel it was
impossible to say that White obtained anything from the opening. The variation
is well known; White wins a pawn but the opposite colored bishops and the easy
play for Black give him compensation. However on top of this Ponomariov was
able to quickly regain his pawn and secure full equality.} 16. Re1 Bd3 17. Nc3 Qe6 18.
Bxf6 gxf6 19. Ne4 Bxe4 20. Qxe4 Rac8 21. b3 Rfd8 22. Rad1 Kg7 23. Qe3 a6 24. Qe2 Rxd1 25. Rxd1 f5 26. Qd3 h6 27. Kg2 Rc5 28. Qd6 Rc2 29. Qxe6 fxe6 30. Rd6 Rxa2 31. Rxe6 e4 32. g4 fxg4 33. Rxe4 h5 34. Re6 a5 35. Ra6 Ra3 36. h3 gxh3+ 37. Kh2 Rxb3 38. Rxa5 Rf3 39. Rxh5 Rxf2+ 40. Kxh3 1/2-1/2

[Event "Paris FIDE GP"]
[Site "Elancourt"]
[Date "2013.10.02"]
[Round "9"]
[White "Nakamura, Hikaru"]
[Black "Ponomariov, Ruslan"]
[Result "1/2-1/2"]
[ECO "E37"]
[WhiteElo "2772"]
[BlackElo "2756"]
[Annotator "ChessBase Website"]
[PlyCount "93"]
[EventDate "2013.09.22"]
[EventType "tourn"]
[EventRounds "11"]
[EventCountry "FRA"]
[EventCategory "20"]
[SourceTitle "CBM 157"]
[Source "ChessBase"]
[SourceDate "2013.11.12"]
[SourceVersion "1"]
[SourceVersionDate "2013.11.12"]
[SourceQuality "1"]
[TimeControl "40/7200:20/3600:900+30"]
[WhiteClock "2:00:00"]
[BlackClock "2:00:00"]

1. d4 Nf6 2. c4 e6 3. Nc3 Bb4 4. Qc2 d5 5. a3 Bxc3+ 6. Qxc3 Ne4 7. Qc2 c5 8. dxc5 Nc6 9. e3 Qa5+ 10. Bd2 Nxd2 11. Qxd2 dxc4 12. Qxa5 Nxa5 13. Rc1 b5 14. cxb6 Bb7 15. Nf3 Ke7 16. Nd2 {
[%emt 0:01:49] The players followed a long theoretical variation in the
Nimzo-Indian. Nakamura played the new moves 16.Nd2 but it is unclear exactly
how good this move is} (16. bxa7 Bxf3 17. gxf3 {Parligras,M (2625)-Adams,M 
(2733) Bundesliga 1112 2011 (5.1) 1/2}) 16... axb6 17. Bxc4 Rhd8 (17... Nxc4 18. Nxc4 Bxg2 19. Rg1 Be4 20.
Nxb6 Rab8 21. Na4 Rhc8 22. Rxc8 Rxc8 23. Nc3 h6 24. Ke2 Bg6 25. Rc1 Bh5+ 26. f3
Rc4 27. Kf2 Rh4 28. Kg3 g5 29. Ne2 Ra4 30. Rc8 Bg6 31. Nc3 Ra6 32. Rc7+ Kd8 33.
Rc4 Rd6 34. b4 Rd3 35. b5 Bf5 36. b6 Rd7 37. e4 Bg6 38. a4 f5 39. a5 {1-0 (39)
Grigoryan,A (2216)-Kim,V (2047) Nevinomyssk 2009}) (17... Rac8 {Black had the
choice of playing as he did in the game or immediately pinning the knight on
c4 with 17...Rac8, definitely the most logical way of continuing and maybe
White would have had to solve a few issues. The continuation in the game gave
Ponomariov enough compensation for the pawn and allowed him to simplify into
an easily drawn rook endgame.}) 18. Bb5 Rac8 19. Rc3 Rxc3 20. bxc3 Rc8 21. c4 Bxg2 22. Rg1 Bd5 23. Rg4 h5 24.
Rh4 Bc6 25. Rxh5 Bxb5 26. Rxb5 Nxc4 27. Nxc4 Rxc4 28. Rxb6 Rh4 29. Ke2 Rxh2 30. a4 Rh4 31. a5 Ra4 32. a6 Ra2+ 33. Kf3 f5 34. Rb7+ Kf6 35. a7 g5 36. Kg3 Ra3 37. f3 g4 38. fxg4 Rxe3+ 39. Kf4 Re4+ 40. Kf3 Ra4 41. gxf5 exf5 42. Rc7 Ke5 43. Re7+ Kd6 44. Re8 Rxa7 45. Kf4 Re7 46. Rxe7 Kxe7 47. Kxf5
1/2-1/2

[Event "WchT 10th"]
[Site "Tsaghkadzor"]
[Date "2015.04.27"]
[Round "8.1"]
[White "Ponomariov, Ruslan"]
[Black "Shankland, Samuel L"]
[Result "1/2-1/2"]
[ECO "B92"]
[WhiteElo "2713"]
[BlackElo "2661"]
[PlyCount "61"]
[EventDate "2015.04.19"]
[EventType "team-tourn"]
[EventRounds "9"]
[EventCountry "ARM"]
[SourceTitle "CBM 166"]
[Source "ChessBase"]
[SourceDate "2015.05.11"]
[SourceVersion "1"]
[SourceVersionDate "2015.05.11"]
[SourceQuality "1"]
[WhiteTeam "Ukraine"]
[BlackTeam "US of America"]
[WhiteTeamCountry "UKR"]
[BlackTeamCountry "USA"]
[TimeControl "40/5400+30:1800+30"]

1. e4 c5 2. Nf3 d6 3. d4 cxd4 4. Nxd4 Nf6 5. Nc3 a6 6. Be2 e5 7. Nb3 Be7 8. O-O
O-O 9. Be3 Be6 10. Qd3 Nc6 11. a3 Na5 12. Nd2 d5 13. exd5 Nxd5 14. Nxd5 Qxd5
15. Qxd5 Bxd5 16. b4 Nc6 17. c4 Be6 18. Nb3 Rfc8 19. Rfc1 e4 20. f4 exf3 21.
Bxf3 Bf6 22. Ra2 b5 23. Rac2 bxc4 24. Nc5 Bf5 25. Rxc4 Bb2 26. Na4 Bxc1 27.
Rxc1 Ne5 28. Bxa8 Rxa8 29. Rc5 Re8 30. Bd4 Bd7 31. Rxe5 1/2-1/2

[Event "WchT 10th"]
[Site "Tsaghkadzor"]
[Date "2015.04.28"]
[Round "9.1"]
[White "Leko, Peter"]
[Black "Ponomariov, Ruslan"]
[Result "1/2-1/2"]
[ECO "C67"]
[WhiteElo "2713"]
[BlackElo "2713"]
[PlyCount "40"]
[EventDate "2015.04.19"]
[EventType "team-tourn"]
[EventRounds "9"]
[EventCountry "ARM"]
[SourceTitle "CBM 166"]
[Source "ChessBase"]
[SourceDate "2015.05.11"]
[SourceVersion "1"]
[SourceVersionDate "2015.05.11"]
[SourceQuality "1"]
[WhiteTeam "Hungary"]
[BlackTeam "Ukraine"]
[WhiteTeamCountry "HUN"]
[BlackTeamCountry "UKR"]
[TimeControl "40/5400+30:1800+30"]

1. e4 e5 2. Nf3 Nc6 3. Bb5 Nf6 4. O-O Nxe4 5. Re1 Nd6 6. Nxe5 Be7 7. Bf1 Nf5 8.
Nf3 O-O 9. d4 d5 10. c3 Bd6 11. Bd3 f6 12. Nbd2 Re8 13. Nf1 Rxe1 14. Qxe1 Qe7
15. Bd2 Qf7 16. Qe2 Bd7 17. Re1 Re8 18. Qd1 Rxe1 19. Nxe1 Nce7 20. Nc2 b6
1/2-1/2